 Dungeon Crawl Stone Soup version 0.30.0-29-ga12c61a403 (webtiles) character file.

Game seed: 14559737719214868113

12 leafyfresh the Covert (level 2, -8/29 HPs)
             Began as a Gnoll Delver on June 10, 2023.
             Mangled by a mummy (18 damage)
             ... in an ossuary.
             The game lasted 00:00:18 (46 turns).

leafyfresh the Covert (Gnoll Delver)                  Turns: 46, Time: 00:00:18

Health: -8/29      AC:  3    Str: 11    XL:     2   Next: 33%
Magic:  2/2        EV: 13    Int:  9    God:
Gold:   0          SH:  0    Dex: 13    Spells: 1/1 levels left

rFire   . . .        a - +0 short sword
rCold   . . .        (no shield)
rNeg    . . .        b - +0 leather armour
rPois   .            (no helmet)
rElec   .            (no cloak)
rCorr   .            (no gloves)
SInv    .            (no boots)
Will    .....        (no amulet)
Stlth   ++++         (no ring)
HPRegen 0.24/turn    (no ring)
MPRegen 0.08/turn

%: no passive effects
@: no status effects
A: fangs 1, strong nose, distributed training
a: no special abilities


You were in an ossuary.
You visited 1 branch of the dungeon, and saw 1 of its levels.
You also visited: Ossuary.

Inventory:

Hand Weapons
 a - a +0 short sword (weapon)
Armour
 b - a +0 leather armour (worn)
Wands
 g - a wand of digging (3)
Scrolls
 c - a scroll of fog
 d - a scroll of magic mapping
 e - a scroll of fear
Potions
 f - a potion of haste
 h - a potion of curing {unknown}


   Skills:
 + Level 6.5 Fighting
 + Level 4.5 Short Blades
 + Level 0.4 Long Blades
 + Level 0.4 Axes
 + Level 0.4 Maces & Flails
 + Level 0.4 Polearms
 + Level 0.4 Staves
 + Level 0.4 Ranged Weapons
 + Level 0.4 Throwing
 + Level 0.4 Armour
 + Level 4.5 Dodging
 + Level 9.5 Stealth
 + Level 0.4 Shields
 + Level 0.4 Unarmed Combat
 + Level 0.4 Spellcasting
 + Level 0.2 Conjurations
 + Level 0.2 Hexes
 + Level 0.2 Summonings
 + Level 0.2 Necromancy
 + Level 0.2 Translocations
 + Level 0.2 Transmutations
 + Level 0.2 Fire Magic
 + Level 0.2 Ice Magic
 + Level 0.2 Air Magic
 + Level 0.2 Earth Magic
 + Level 0.2 Poison Magic
 + Level 0.5 Invocations
 + Level 0.4 Evocations


You had one spell level left.
You didn't know any spells.
Your spell library was empty.

Dungeon Overview and Level Annotations

Branches:
Dungeon (5/15)            Ossuary (1/1)
 Temple: D:4-7

Altars:


Innate Abilities, Weirdness & Mutations

You have very sharp teeth.
Your uncanny sense of smell can sniff out nearby items.
Your experience applies equally to all skills.


Message History

The world spins around you as you enter the gateway.
You enter an ossuary!
Found a gate leading back out of this place.
There is an empty arch of ancient stone here.
You open the door.
There is an open door here.
You open the door.
There is an open door here.
Found a scroll of noise.
No target in view!
A mummy comes into view.
You see here a scroll of noise.
You hit the mummy. Your bite misses the mummy.
The mummy is lightly damaged.
The mummy misses you.
You hit the mummy. You bite the mummy, but do no damage.
The mummy is moderately damaged.
You hit the mummy but do no damage.
The mummy is moderately damaged.
The mummy closely misses you.
You completely miss the mummy.
The mummy is moderately damaged.
You closely miss the mummy.
The mummy is moderately damaged.
The mummy hits you!
You hit the mummy.
The mummy is moderately damaged.
You hit the mummy. You bite the mummy, but do no damage.
The mummy is heavily damaged.
The mummy hits you!
You are too injured to fight recklessly!
You are too injured to fight recklessly!
You are too injured to fight recklessly!
You barely miss the mummy. You bite the mummy, but do no damage.
The mummy is heavily damaged.
You hit the mummy but do no damage.
The mummy is heavily damaged.
The mummy hits you!!
Ouch! That really hurt!
You die...

∆∆∆∆ ##### ∆ ∆
∆∆∆ #M.?# #.@?#
##.## ###+###
#.# ##.....##
##.+
##.......###..#
#.........#...+
+....⌠....'^..#
#.........#...+
##.......###..#


You could see a mummy.

Vanquished Creatures
  A mummy (D:5)
1 creature vanquished.

Notes
Turn   | Place    | Note
-------+----------+-------------------------------------------
     0 | D:5      | Reached skill level 9 in Stealth
     0 | D:5      | leafyfresh the Gnoll Delver began the quest for the Orb.
     0 | D:5      | Reached XP level 1. HP: 23/23 MP: 1/1
    14 | D:5      | Found a sand-covered staircase.
    17 | D:5      | Reached XP level 2. HP: 29/29 MP: 2/2
    19 | Ossuary  | Entered an ossuary
    46 | Ossuary  | Mangled by a mummy

Illustrated notes

Levels and vault maps discovered:
D:5:      layout_cave_pods, kennysheep_mini, nicolae_ossuary_entry_giza
Ossuary:  ossuary_crypta

Skill      XL: | |
---------------+-+-----
Stealth        | |  9.5
Fighting       | |  6.5
Short Blades   | |  4.5
Long Blades    | |  0.4
Axes           | |  0.4
Maces & Flails | |  0.4
Polearms       | |  0.4
Staves         | |  0.4
Ranged Weapons | |  0.4
Throwing       | |  0.4
Armour         | |  0.4
Dodging        | |  4.5
Shields        | |  0.4
Unarmed Combat | |  0.4
Spellcasting   | |  0.4
Conjurations   | |  0.2
Hexes          | |  0.2
Summonings     | |  0.2
Necromancy     | |  0.2
Translocations | |  0.2
Transmutations | |  0.2
Fire Magic     | |  0.2
Ice Magic      | |  0.2
Air Magic      | |  0.2
Earth Magic    | |  0.2
Poison Magic   | |  0.2
Invocations    | |  0.5
Evocations     | |  0.4

Action                     || total
---------------------------++-------
  Melee: Short sword       ||    10
         Bite              ||     3
   Stab: Sleeping          ||     1
  Dodge: Dodged            ||     2
